 Dungeon Crawl Stone Soup version 0.29.0-11-gd7f09526c8 (webtiles) character file.

Game seed: 8761672834283970344

237 browni3141 the Firebug (level 6, -3/43 HPs)
             Began as a Formicid Fire Elementalist on Sept 7, 2022.
             Killed by divine providence
             ... invoked by an orc priest
              (15 damage)
             ... on level 4 of the Dungeon.
             The game lasted 00:08:01 (4106 turns).

browni3141 the Firebug (Formicid Fire Elementalist) Turns: 4106, Time: 00:08:01

Health: -3/43      AC:  3    Str: 12    XL:     6   Next: 28%
Magic:  10/10      EV: 11    Int: 17    God:
Gold:   134        SH:  4    Dex: 14    Spells: 8/11 levels left

rFire   . . .      SeeInvis +   h - +0 club
rCold   . . .      Faith    .   n - +0 buckler
rNeg    . . .      Spirit   .   a - +0 robe
rPois   .          Reflect  .   (helmet unavailable)
rElec   .          Harm     .   (no cloak)
rCorr   .          Rampage  .   f - +0 pair of gloves
Will    .....                   (no boots)
Stlth   ++........              (no amulet)
HPRegen 0.14/turn               (no ring)
MPRegen 0.12/turn               (no ring)

@: very slightly contaminated
A: permanent stasis, dig shafts and tunnels, antennae 3, four strong arms
a: Dig, Shaft Self


You were on level 4 of the Dungeon.
You visited 1 branch of the dungeon, and saw 4 of its levels.

You collected 134 gold pieces.


Innate Abilities, Weirdness & Mutations

You cannot be hasted, slowed, berserked, paralysed or teleported.
You can dig through walls and to a lower floor.
You have a pair of large antennae on your head. (SInv)
Your four strong arms can wield two-handed weapons with a shield.


   Skills:
 - Level 1.0 Fighting
 - Level 1.7 Dodging
 - Level 2.4 Stealth
 * Level 2.0 Shields
 * Level 3.0 Spellcasting
 - Level 0.8 Conjurations
 * Level 5.8 Fire Magic


You had 8 spell levels left.
You knew the following spells:

 Your Spells              Type           Power      Damage    Failure   Level
z - Foxfire               Conj/Fire      52%        2x1d6     5%          1
X - Scorch                Fire           44%        2d7       3%          2

Your spell library contained the following spells:

 Spells                   Type           Power      Damage    Failure   Level
 Conjure Flame            Conj/Fire      13%        6-21      16%         3
 Inner Flame              Hex/Fire       12%        N/A       21%         3
 Beastly Appendage        Tmut           4%         N/A       22%         1
 Wereblood                Tmut           2%         N/A       32%         2
 Flame Wave               Conj/Fire      13%        2d6       47%         4
 Confusing Touch          Hex            2%         N/A       54%         3
 Spider Form              Tmut/Pois      2%         N/A       54%         3
 Yara's Violent Unravell  Hex/Tmut       1%         3d3       99%         5
 Enfeeble                 Hex            1%         N/A       100%        7

Inventory:

Hand Weapons
 h - a +0 club (weapon)
Armour
 a - a +0 robe (worn)
 f - a +0 pair of gloves (worn)
 n - a +0 buckler (worn)
Scrolls
 d - a scroll of amnesia {unknown}
 e - 3 scrolls of identify {unknown}
 i - 2 scrolls of fear {unknown}
 j - a scroll of poison {unknown}
 k - 2 scrolls of vulnerability {unknown}
 m - 2 scrolls of silence {unknown}
Potions
 c - a potion of degeneration {unknown}
 g - a potion of lignification {unknown}
 l - a potion of heal wounds {unknown}

Dungeon Overview and Level Annotations

Branches:
Dungeon (4/15)
 Temple: D:4-7

Altars:

Shops:
D:1 =

Annotations:
D:2 Sigmund
D:4 Grinder

#######o##.# #.#
......{.##.###.#
#######.#...##<#
#........#{ #.#...####
#.##.#######.#
#########?##^...>.....
........o.##.#######.#
.......@.....#######.
#########............
#############


You could see an orc priest (combustible).


Message History

Casting: Scorch (safe; 3% risk of failure)
Confirm with . or Enter, or press ? or * to list all spells.
Flames lash the orc priest but do no damage.
The orc priest closely misses you.
Unknown command.
Casting: Scorch (safe; 3% risk of failure)
Confirm with . or Enter, or press ? or * to list all spells.
Flames lash the orc priest but do no damage.
The orc priest is no longer more vulnerable to fire.
The orc priest mumbles some strange prayers to Beogh against you.
Pain shoots through your body!
Unknown command.
Casting: Scorch (safe; 3% risk of failure)
Confirm with . or Enter, or press ? or * to list all spells.
Flames lash the orc priest.
The orc priest is almost dead.
The orc priest's fire resistance burns away.
You block the orc priest's attack.
Unknown command.
You hit the orc priest but do no damage.
The orc priest is almost dead.
The orc priest mumbles some strange prayers to Beogh against you.
Beogh smites you!
* * * LOW HITPOINT WARNING * * *
The orc priest hits you with a +4 short sword.
* * * LOW HITPOINT WARNING * * *
Magic courses through your body.
The orc priest calls down the wrath of Beogh upon you.
Beogh smites you!
You die...

Skill      XL: |  1  2  3  4  5  6 |
---------------+-------------------+-----
Fighting       | 1 |  1.0
Fire Magic     | 4 5 |  5.8
Shields        | 1 2 |  2.0
Spellcasting   | 3 |  3.0
Dodging        | |  1.7
Stealth        | |  2.4
Conjurations   | |  0.8

Action                   |  1- 3 |  4- 6 || total
-------------------------+-------+-------++-------
Melee: Unarmed           |    10 |       ||    10
       Club              |       |    47 ||    47
 Cast: Foxfire           |    45 |    62 ||   107
       Scorch            |     5 |    24 ||    29
  Use: Potion            |       |     1 ||     1
 Stab: Sleeping          |       |     1 ||     1
Armor: Robe              |     5 |    24 ||    29
Dodge: Dodged            |    20 |    56 ||    76
Block: Buckler           |       |     3 ||     3

Levels and vault maps discovered:
D:1:      psy_arrival_basics, layout_loops_cross, serial_shops, shop,
          dilly_ecumenical_altar_fadedgnrine, chequers_hall_statues_corner_a,
          roderic_serpentine_path
D:2:      layout_rooms, grunt_decor_resistance, uniq_terence, uniq_robin,
          uniq_sigmund
D:3:      layout_basic, reono_crystal_passage
D:4:      layout_loops_ring, minmay_fractal_squares_diagonal_5, uniq_grinder

Notes
Turn   | Place    | Note
-------+----------+-------------------------------------------
     0 | D:1      | browni3141 the Formicid Fire Elementalist began the quest
                  | for the Orb.
     0 | D:1      | Reached XP level 1. HP: 13/13 MP: 3/3
   125 | D:1      | Reached skill level 1 in Fighting
   235 | D:1      | Reached XP level 2. HP: 21/21 MP: 2/5
   293 | D:1      | Learned a level 2 spell: Scorch
   915 | D:1      | Found Notoosofuuz's Jewellery Shoppe.
  1160 | D:1      | Reached XP level 3. HP: 26/26 MP: 3/6
  1318 | D:1      | Found a faded altar of an unknown god.
  1400 | D:2      | Identified the +0 helmet of Parlour Games {*Slow rPois
                  | rF+++ Dex-3}
  1400 | D:2      | Noticed Robin
  1602 | D:2      | Reached skill level 4 in Fire Magic
  1699 | D:2      | Reached XP level 4. HP: 23/32 MP: 3/7
  1929 | D:2      | Killed Robin
  2153 | D:2      | Noticed Sigmund
  2185 | D:2      | Noticed Terence
  2230 | D:2      | Killed Terence
  2456 | D:2      | Reached skill level 5 in Fire Magic
  2571 | D:3      | Reached XP level 5. HP: 36/37 MP: 2/8
  3673 | D:3      | Reached skill level 1 in Shields
  3839 | D:4      | Reached XP level 6. HP: 43/43 MP: 5/10
  3993 | D:4      | Noticed Grinder
  4013 | D:4      | Reached skill level 2 in Shields
  4013 | D:4      | Reached skill level 3 in Spellcasting
  4106 | D:4      | Killed from afar by an orc priest

Vanquished Creatures
  An orc priest (D:4)
  Terence (D:2)
  Robin (D:2)
  7 gnolls
  3 adders
  A worm (D:2)
  A dart slug (D:3)
  2 orcs
  4 ball pythons (D:1)
  6 endoplasms
  A giant cockroach (D:1)
  13 goblins
  7 hobgoblins
  4 jackals (D:1)
  5 kobolds
  3 quokkas
  5 bats
  2 frilled lizards
  8 rats
75 creatures vanquished.

Vanquished Creatures (collateral kills)
  A foxfire (D:1)
1 creature vanquished.

Vanquished Creatures (others)
  178 foxfires
178 creatures vanquished.

Grand Total: 254 creatures vanquished

Table legend: (Time is in decaauts)
 A = Elapsed time spent in this place.
 B = Non-inter-level travel time spent in this place.
 C = Inter-level travel time spent in this place.
 D = Time resting spent in this place.
 E = Time spent auto-exploring this place.
 F = Levels seen in this place.
 G = Mean time per level.
                   A        B        C        D        E       F      G
               +--------+--------+--------+--------+--------+-----+--------+
         Total |   4128 |   3988 |    140 |    715 |   2504 |   4 | 1032.0 |
       Dungeon |   4128 |   3988 |    140 |    715 |   2504 |   4 | 1032.0 |
               +--------+--------+--------+--------+--------+-----+--------+

Top non-repeatable levels by time:
     D:1: 1758 daAuts
     D:3: 1264 daAuts
     D:2: 1034 daAuts
     D:4: 71 daAuts

Table legend:
 A = Non-vault XP
 B = Vault XP
 C = Vault XP percentage of total XP
 D = Non-vault monster count
 E = Vault monster count
 F = Vault count percentage of total count
                 A         B        C        D         E       F
            +---------+---------+-------+---------+---------+-------
      Total |     269 |      70 |  20.6 |      63 |      12 |  16.0
            +---------+---------+-------+---------+---------+-------
        D:1 |      34 |       6 |  15.0 |      20 |       3 |  13.0
        D:2 |      38 |      64 |  62.7 |      14 |       9 |  39.1
        D:3 |     112 |       0 |   0.0 |      24 |       0 |   0.0
        D:4 |      85 |       0 |   0.0 |       5 |       0 |   0.0
            +---------+---------+-------+---------+---------+-------
